 Dungeon Crawl Stone Soup version 0.18.1-1-g2f07953 (webtiles) character file.

59 Ijustatesigmund the Chucker (level 3, -2/35 HPs)
             Began as a Troll Hunter on May 7, 2016.
             Slain by a gnoll
             ... wielding a +0 spear
              (8 damage)
             ... on level 2 of the Dungeon.
             The game lasted 00:01:59 (982 turns).

Ijustatesigmund the Chucker (Troll Hunter)           Turns: 982, Time: 00:02:00

Health: -2/35      AC:  5    Str: 20    XL:     3   Next: 78%
Magic:  2/2        EV: 10    Int:  7    God:
Gold:   30         SH:  0    Dex: 11    Spells: 0 memorised, 2 levels left

rFire  . . .     SeeInvis .       - Unarmed
rCold  . . .     Gourm    +     b - +0 robe
rNeg   . . .     Faith    .     (no shield)
rPois  .         Spirit   .     (helmet restricted)
rElec  .         Dismiss  .     (no cloak)
rCorr  .         Reflect  .     (gloves unavailable)
SustAt .         Harm     .     (boots unavailable)
MR     .....                    (no amulet)
Stlth  +.........               (no ring)
                                (no ring)

@: not resistant to hostile enchantments, very unstealthy
A: unfitting armour, claws 3, fast metabolism 3, gourmand, regeneration 2,
shaggy fur 1, tough skin 2
a: no special abilities


You were on level 2 of the Dungeon.
You were full.

You visited 1 branch of the dungeon, and saw 2 of its levels.

You collected 30 gold pieces.

Inventory:

Missiles
 c - 5 large rocks (quivered)
 d - 2 throwing nets
Armour
 b - a +0 robe (worn)
Scrolls
 e - 2 scrolls of identify {unknown}
 h - 3 scrolls of enchant weapon {unknown}
Potions
 a - a potion of haste {unknown}
 g - 2 potions of flight {unknown}
Comestibles
 f - 2 bread rations
 i - a meat ration


   Skills:
 + Level 2.0 Fighting
 + Level 3.9 Throwing
 - Level 1.5 Dodging
 - Level 0.4 Stealth
 * Level 2.6 Unarmed Combat


You had 2 spell levels left.
You didn't know any spells.

Dungeon Overview and Level Annotations

Branches:
Dungeon (2/15)

Altars:


Innate Abilities, Weirdness & Mutations

You are too large for most types of armour.
You have claws for hands.
Your metabolism is lightning-fast.
You like to eat raw meat.
You heal very quickly.
You are covered in fur (AC +1).
You have very tough skin (AC +2).


Message History

The gnoll hits you from afar with a spear.
The giant gecko misses you.
You barely miss the giant gecko. The kobold hits you with a short sword.
The gnoll hits you but does no damage. The giant gecko barely misses you.
You claw the giant gecko!
You kill the giant gecko!
The kobold completely misses you. The gnoll barely misses you.
You closely miss the kobold. The kobold barely misses you.
The gnoll hits you from afar with a spear.
You barely miss the kobold. The kobold closely misses you.
The gnoll closely misses you.
You barely miss the kobold. Your claw misses the kobold.
The kobold hits you with a short sword.
* * * LOW HITPOINT WARNING * * *
The gnoll hits you from afar with a spear.
* * * LOW HITPOINT WARNING * * *
You are too injured to fight recklessly!
You closely miss the kobold. The kobold barely misses you.
The gnoll hits you from afar with a spear!
You die...

#.. ... . ..# ### #.
#.###+### ###.. #. .g.
.... ..#.#.#. #g#
#.####.#.#.#.
#)####..#.#.#<..#.
.###.#@#.......#.#.###.
.......K..........).....
#####.#.#.####..#.#.....
...#.#.####..#.#.##..
### #.#.........#.##..
#.#######..##.#... #.#
#..##.###. #.# #..##.#
#. #. #...#.# #.


You could see 2 gnolls and a kobold.

Vanquished Creatures
  A gnoll (D:2)
  An adder (D:2)
  A dart slug (D:1)
  2 giant geckos
  2 hobgoblins (D:1)
  2 jackals (D:1)
  2 ball pythons (D:1)
  6 bats
  6 goblins
  5 kobolds
  8 rats (D:1)
36 creatures vanquished.

Notes
Turn   | Place    | Note
--------------------------------------------------------------
     0 | D:1      | Ijustatesigmund the Troll Hunter began the quest for the Orb.
     0 | D:1      | Reached XP level 1. HP: 19/19 MP: 0/0
   175 | D:1      | Reached skill level 1 in Unarmed Combat
   204 | D:1      | Reached XP level 2. HP: 28/28 MP: 1/1
   760 | D:1      | Reached XP level 3. HP: 26/35 MP: 2/2
   982 | D:2      | Slain by a gnoll

Skill      XL: |  1  2  3 |
---------------+----------+-----
Unarmed Combat | 1 2 |  2.6
Fighting       | 2 |  2.0
Throwing       | |  3.9
Dodging        | |  1.5
Stealth        | |  0.4

Action                   || total
-------------------------++-------
Melee: Unarmed           ||   106
 Stab: Sleeping          ||     1
  Eat: Chunk             ||    11
Armor: Robe              ||    65
Dodge: Dodged            ||    86
